 Dungeon Crawl Stone Soup version 0.31-a0-246-g8cbcc1cb85 (webtiles) character file.

Game seed: 1469211496894431991

2533 qw the Skirmisher (level 9, 0/57 HPs)
             Began as a Gargoyle Hexslinger on July 12, 2023.
             Was an Initiate of Okawaru.
             Slain by Duvessa
             ... wielding a +0 rapier
              (9 damage)
             ... on level 7 of the Dungeon.
             The game lasted 00:02:53 (6629 turns).

qw the Skirmisher (Gargoyle Hexslinger)             Turns: 6629, Time: 00:02:54

Health: 0/57       AC: 16    Str: 12    XL:     9   Next: 55%
Magic:  10/10      EV: 17    Int: 14    God:    Okawaru [......]
Gold:   352        SH:  0    Dex: 16    Spells: 9/10 levels left

rFire   . . .        Y - +0 shortbow
rCold   . . .        (shield currently unavailable)
rNeg    + . .        c - +2 leather armour {Will+}
rPois   inf          (no helmet)
rElec   +            d - +0 cloak
rCorr   .            j - +1 pair of gloves
SInv    .            k - +0 pair of boots
Will    +....        (no amulet)
Stlth   +            b - +4 ring of slaying {mikee}
HPRegen 0.29/turn    g - +5 ring of evasion
MPRegen 0.12/turn

%: no passive effects
@: about to teleport
A: sickness immunity, AC +6, negative energy resistance 1, electricity
resistance, torment resistance 1, petrification resistance
a: Renounce Religion


You were on level 7 of the Dungeon.
You worshipped Okawaru.
Okawaru was noncommittal.
You visited 2 branches of the dungeon, and saw 8 of its levels.
You also visited: Sewer.

You collected 374 gold pieces.
You spent 22 gold pieces at shops.


Innate Abilities, Weirdness & Mutations

You are immune to sickness and miasma.
Your stone body is resilient. (AC +6)
You are immune to poison.
You resist negative energy. (rN+)
You are resistant to electric shocks. (rElec)
You are resistant to unholy torment.
You are immune to petrification.


   Skills:
 - Level 7.0 Fighting
 + Level 10.3 Ranged Weapons
 - Level 2.4 Armour
 - Level 3.0 Dodging
 - Level 1.0 Spellcasting
 - Level 2.6 Hexes


You had 9 spell levels left.
You knew the following spells:

 Your Spells              Type           Power      Damage    Failure   Level
a - Slow                  Hex            32%        N/A       11%         1

Your spell library contained the following spells:

 Spells                   Type           Power      Damage    Failure   Level
 Inner Flame              Hex/Fire       4%         N/A       50%         3
 Portal Projectile        Hex/Tloc       8%         N/A       50%         3
 Cause Fear               Hex            4%         N/A       73%         4

Inventory:

Hand Weapons
 Y - a +0 shortbow (weapon)
Armour
 c - a +2 leather armour of willpower (worn)
 d - a +0 cloak (worn)
 j - a +1 pair of gloves (worn)
 k - a +0 pair of boots (worn)
 p - a +0 robe of resistance
Jewellery
 b - a +4 ring of slaying (left hand) {mikee}
 g - a +5 ring of evasion (right hand)
Scrolls
 a - a scroll of identify
 i - 2 scrolls of teleportation
Potions
 e - 2 potions of cancellation
 f - 3 potions of curing
 h - a potion of enlightenment
 n - 2 potions of might

Dungeon Overview and Level Annotations

Branches:
Dungeon (7/15)             Temple (1/1) D:7           Sewer (visited)

Altars:
Ashenzari
Cheibriados
Dithmenos
Elyvilon
Fedhas
Gozag
Hepliaklqana
Kikubaaqudgha
Makhleb
Nemelex Xobeh
Okawaru
Qazlal
Ru
Sif Muna
Trog
Uskayaw
Vehumet
Wu Jian
Xom
Yredelemnul
Zin
The Shining One

Shops:
D:1 [   D:2 *   D:4 :

Annotations:
D:2 1 runed translucent door, Crazy Yiuf
D:4 1 runed translucent door, qw's ghost, amateur MiHs
D:7 Duvessa


Message History

Duvessa is lightly wounded.
Duvessa completely misses you.
You shoot an arrow. The arrow closely misses Duvessa.
Duvessa barely misses you.
You shoot an arrow.
The arrow hits Duvessa but does no damage.
Duvessa is lightly wounded.
Duvessa hits you with a +0 rapier!
You shoot an arrow.
The arrow hits Duvessa but does no damage.
Duvessa is lightly wounded.
Duvessa barely misses you. Duvessa hits you with a +0 rapier!
You shoot an arrow.
The arrow hits Duvessa but does no damage.
Duvessa is lightly wounded.
Duvessa barely misses you.
You shoot an arrow.
The arrow hits Duvessa but does no damage.
Duvessa is lightly wounded.
Duvessa hits you with a +0 rapier. x2
You shoot an arrow.
The arrow hits Duvessa but does no damage.
Duvessa is lightly wounded.
Duvessa hits you but does no damage.
You shoot an arrow. The arrow hits Duvessa!
Duvessa is moderately wounded.
Duvessa hits you but does no damage.
You shoot an arrow. The arrow barely misses Duvessa.
Duvessa hits you with a +0 rapier. Duvessa misses you.
You shoot an arrow.
The arrow hits Duvessa but does no damage.
Duvessa is moderately wounded.
Duvessa hits you but does no damage.
You shoot an arrow. The arrow barely misses Duvessa.
Duvessa hits you with a +0 rapier!
6629 ||| READING 3 scrolls of teleportation.
As you read the scroll of teleportation, it crumbles to dust.
You feel strangely unstable. Duvessa hits you with a +0 rapier!
You die...

.##.........## #.# ##.##.#
)#.#........# #.# ##.#.#.#
).###......## ##.## ##.###..# .##
##..##.# #...# #.## ##.#
..###...##.# #...# #..###...
.#.#.......# #...# #.#.#..##
.##........#####...######.##.#.##
.##.#...##.#.......(...##.##...##
....#..........e@...).:...##.....
.####...##.#...........#..##.....
.# #...##.#####...#####.........
.####......# #...# #.###.....
........########...#####.####....
######.## #.......##.....###.#.
#.# #.#.#.#.##.)...###.#. #.#
#.#...#.............. #.#
#.#..##..#.....####..


You could see Duvessa (berserk).

Vanquished Creatures
  Sigmund (D:5)
  Eustachio (D:4)
  A steam dragon (D:6)
  Menkaure (D:4)
  A water moccasin (Sewer)
  An orc warrior (D:7)
  3 black bears
  An ice beast (D:7)
  2 sky beasts
  A centaur (D:5)
  A bullfrog (D:6)
  2 scorpions (D:6)
  Dowan (D:7)
  A howler monkey (D:5)
  5 orc priests
  3 hounds
  A gnoll bouda (D:6)
  2 jellies
  A sleepcap (D:5)
  5 iguanas
  5 orc wizards
  7 gnolls
  8 adders
  A white imp (D:7)
  2 worms (D:3)
  5 dart slugs
  24 orcs
  8 bats
  10 endoplasms
  5 giant cockroaches
  9 goblins
  7 hobgoblins
  6 jackals
  7 quokkas
  7 ball pythons
  7 frilled lizards
  8 kobolds
  9 rats
170 creatures vanquished.

Notes
Turn   | Place    | Note
-------+----------+-------------------------------------------
     0 | D:1      | qw the Gargoyle Hexslinger began the quest for the Orb.
     0 | D:1      | Reached XP level 1. HP: 12/12 MP: 2/2
     0 | D:1      | 0 ||| qw: Version: 0.3-a-52-g30416fa
     0 | D:1      | 0 ||| qw: Game counter: 6246
     0 | D:1      | 0 ||| qw: Melee chars always use a shield: true
     0 | D:1      | 0 ||| qw: God list: Okawaru
     0 | D:1      | 0 ||| qw: Allow faded altars: false
     0 | D:1      | 0 ||| qw: Do Orc after clearing Dungeon:15 true
     0 | D:1      | 0 ||| qw: Do second Lair branch before Depths: true
     0 | D:1      | 0 ||| qw: Lair rune preference: random
     0 | D:1      | 0 ||| qw: Goals: Normal
     0 | D:1      | 0 ||| PLANNING D:1-11
   345 | D:1      | Reached XP level 2. HP: 16/16 MP: 3/3
   404 | D:1      | Reached skill level 3 in Ranged Weapons
   519 | D:1      | Found Zyewae's Armour Shop.
   648 | D:1      | Reached XP level 3. HP: 19/21 MP: 4/4
   676 | D:1      | 676 ||| SHOPLISTING +0 helmet (63 gold, have 8).
   676 | D:1      | 676 ||| SHOPLISTING +0 leather armour (28 gold, have 8).
   676 | D:1      | 676 ||| SHOPLISTING +0 pair of gloves (63 gold, have 8).
   676 | D:1      | 676 ||| SHOPLISTING +1 helmet of see invisible (231 gold,
                  | have 8).
   744 | D:1      | 744 ||| UPGRADING to +0 cloak.
   749 | D:1      | 749 ||| READING 2 scrolls labelled QUSTRI OSUU.
   750 | D:1      | 750 ||| DRINKING 2 fuming black potions.
   855 | D:1      | 855 ||| DROPPING scroll of poison.
   856 | D:1      | 856 ||| DROPPING potion of berserk rage.
   966 | D:2      | 966 ||| Stepping ~*~*~tactically~*~*~ (outnumbered).
  1344 | D:2      | Reached XP level 4. HP: 26/26 MP: 5/5
  1349 | D:2      | Reached skill level 4 in Ranged Weapons
  1353 | D:2      | Found Navvun's General Store.
  1362 | D:2      | 1362 ||| SHOPLISTING +0 arbalest (49 gold, have 27).
  1362 | D:2      | 1362 ||| SHOPLISTING potion of heal wounds (55 gold, have
                  | 27).
  1362 | D:2      | 1362 ||| BUYING scroll of identify (22 gold).
  1362 | D:2      | Bought a scroll of identify for 22 gold pieces
  1362 | D:2      | 1362 ||| SHOPLISTING scroll of identify (22 gold, have 5).
  1362 | D:2      | 1362 ||| SHOPLISTING wand of digging (2) (92 gold, have 5).
  1461 | D:2      | Found a runed translucent door.
  1462 | D:2      | Noticed Crazy Yiuf
  1641 | D:2      | 1641 ||| UPGRADING to +0 ring mail.
  1651 | D:2      | 1651 ||| DROPPING +0 robe.
  1652 | D:2      | 1652 ||| UPGRADING to +4 ring of slaying {mikee}.
  1653 | D:2      | 1653 ||| READING scroll labelled XAMIPE CIEHURI.
  1694 | D:2      | 1694 ||| DRINKING 2 glowing orange potions.
  1695 | D:2      | 1695 ||| READING 2 scrolls of identify.
  1695 | D:2      | 1695 ||| IDENTIFYING metallic inky potion
  1696 | D:2      | 1696 ||| DROPPING potion of magic.
  1830 | D:3      | Reached skill level 1 in Armour
  1835 | D:3      | Reached XP level 5. HP: 19/30 MP: 6/6
  1841 | D:3      | HP: 7/30 [orc/+0 club (1)]
  1842 | D:3      | 1842 ||| DRINKING potion of heal wounds.
  1987 | D:3      | 1987 ||| Stepping ~*~*~tactically~*~*~ (outnumbered).
  1993 | D:3      | Reached skill level 5 in Ranged Weapons
  1997 | D:3      | Reached XP level 6. HP: 13/36 MP: 7/7
  2138 | D:3      | Found a broken altar of Ashenzari.
  2321 | D:3      | Reached skill level 3 in Fighting
  2675 | D:3      | 2675 ||| UPGRADING to +2 leather armour of willpower.
  2685 | D:3      | 2685 ||| DROPPING +0 ring mail.
  2686 | D:3      | 2686 ||| UPGRADING to +0 pair of boots.
  2691 | D:3      | 2691 ||| UPGRADING to +5 ring of evasion.
  2692 | D:3      | 2692 ||| READING scroll labelled WOTESE HAJYOD.
  2693 | D:3      | 2693 ||| DRINKING 2 bubbling puce potions.
  2725 | D:4      | Found Jaupoac's Book Shoppe.
  2726 | D:4      | 2726 ||| PLANNING SEWER
  2885 | D:4      | Noticed Menkaure
  2891 | D:4      | Killed Menkaure
  2892 | D:4      | Reached skill level 6 in Ranged Weapons
  2967 | D:4      | Noticed Eustachio
  2992 | D:4      | Killed Eustachio
  2993 | D:4      | Reached XP level 7. HP: 25/44 MP: 8/8
  3091 | D:4      | Found a runed translucent door.
  3101 | D:4      | Noticed qw's ghost (amateur MiHs)
  3224 | D:4      | Found a glowing drain.
  3225 | D:4      | 3225 ||| READING scroll labelled ROVERE ILYIG.
  3256 | D:4      | 3256 ||| READING scroll labelled SEUTEODUNI.
  3257 | D:4      | 3257 ||| READING scroll labelled BAH VEMNAZI.
  3269 | Sewer    | Entered a sewer
  3313 | Sewer    | Reached skill level 7 in Ranged Weapons
  3371 | Sewer    | 3371 ||| READING scroll labelled QEFFEZ MEOMM.
  3372 | Sewer    | 3372 ||| READING 2 scrolls of identify.
  3372 | Sewer    | 3372 ||| IDENTIFYING fizzy emerald potion
  3373 | Sewer    | 3373 ||| DROPPING potion of lignification.
  3382 | D:4      | 3382 ||| PLANNING D:1-11
  3502 | D:4      | 3502 ||| READING scroll labelled ELELLIGINUSU.
  3503 | D:4      | 3503 ||| READING 2 scrolls of identify.
  3503 | D:4      | 3503 ||| IDENTIFYING grey potion
  3517 | D:5      | Entered Level 5 of the Dungeon
  3635 | D:5      | 3635 ||| SWAPPING to +0 shortbow.
  3641 | D:5      | Reached XP level 8. HP: 48/48 MP: 9/9
  3641 | D:5      | 3641 ||| DROPPING +1 sling.
  3696 | D:5      | Reached skill level 8 in Ranged Weapons
  3780 | D:5      | 3780 ||| Stepping ~*~*~tactically~*~*~ (outnumbered).
  3784 | D:5      | 3784 ||| Stepping ~*~*~tactically~*~*~ (outnumbered).
  4044 | D:5      | 4044 ||| FLEEEEING.
  4045 | D:5      | 4045 ||| FLEEEEING.
  4047 | D:5      | 4047 ||| FLEEEEING.
  4048 | D:5      | 4048 ||| FLEEEEING.
  4049 | D:5      | 4049 ||| FLEEEEING.
  4050 | D:5      | 4050 ||| FLEEEEING.
  4051 | D:5      | 4051 ||| FLEEEEING.
  4052 | D:5      | 4052 ||| FLEEEEING.
  4053 | D:5      | 4053 ||| FLEEEEING.
  4073 | D:5      | Noticed Sigmund
  4084 | D:5      | Killed Sigmund
  4366 | D:5      | 4366 ||| DROPPING amulet of magic regeneration.
  4367 | D:5      | 4367 ||| DROPPING ring of flight.
  4368 | D:5      | 4368 ||| READING 2 scrolls of identify.
  4368 | D:5      | 4368 ||| IDENTIFYING fuming golden potion
  4369 | D:5      | 4369 ||| DROPPING potion of attraction.
  4420 | D:6      | 4420 ||| Stepping ~*~*~tactically~*~*~ (outnumbered).
  4440 | D:6      | Reached skill level 9 in Ranged Weapons
  4532 | D:6      | 4532 ||| Stepping ~*~*~tactically~*~*~ (cloud).
  4548 | D:6      | Reached skill level 6 in Fighting
  4555 | D:6      | Reached XP level 9. HP: 31/56 MP: 10/10
  5064 | D:6      | Reached skill level 10 in Ranged Weapons
  5161 | D:6      | 5161 ||| UPGRADING to +0 pair of gloves.
  5166 | D:6      | 5166 ||| READING 2 scrolls labelled IHAGHE XUIKIMI.
  5167 | D:6      | 5167 ||| READING scroll of enchant armour.
  5167 | D:6      | 5167 ||| ENCHANTING +0 pair of gloves.
  5168 | D:6      | 5168 ||| DRINKING 2 bubbling orange potions.
  5169 | D:6      | 5169 ||| DROPPING potion of brilliance.
  5242 | D:7      | Found a staircase to the Ecumenical Temple.
  5243 | D:7      | 5243 ||| PLANNING TEMPLE
  5248 | D:7      | 5248 ||| FLEEEEING.
  5249 | D:7      | 5249 ||| FLEEEEING.
  5261 | D:7      | 5261 ||| FLEEEEING.
  5268 | D:7      | 5268 ||| FLEEEEING.
  5269 | D:7      | 5269 ||| FLEEEEING.
  5270 | D:7      | 5270 ||| FLEEEEING.
  5271 | D:7      | 5271 ||| FLEEEEING.
  5272 | D:7      | 5272 ||| FLEEEEING.
  5273 | D:7      | 5273 ||| FLEEEEING.
  5293 | D:7      | Noticed Duvessa
  5301 | D:7      | Reached skill level 3 in Dodging
  5301 | D:7      | Noticed Dowan
  5307 | D:7      | HP: 13/56 [Duvessa/+0 rapier (9)]
  5308 | D:7      | 5308 ||| READING 4 scrolls of teleportation.
  5309 | D:7      | 5309 ||| DRINKING potion of heal wounds.
  5384 | Temple   | Entered the Ecumenical Temple
  5390 | Temple   | 5390 ||| PLANNING OKAWARU WORSHIP
  5833 | Temple   | Became a worshipper of Warmaster Okawaru
  5834 | Temple   | 5834 ||| PLANNING D:1-11
  6291 | D:7      | Killed Dowan
  6308 | D:7      | HP: 13/57 [Duvessa/+0 rapier (7)]
  6309 | D:7      | 6309 ||| READING 4 scrolls of teleportation.
  6343 | D:7      | 6343 ||| FLEEEEING.
  6344 | D:7      | 6344 ||| FLEEEEING.
  6346 | D:7      | 6346 ||| FLEEEEING.
  6348 | D:7      | 6348 ||| FLEEEEING.
  6349 | D:7      | 6349 ||| FLEEEEING.
  6350 | D:7      | 6350 ||| FLEEEEING.
  6351 | D:7      | 6351 ||| FLEEEEING.
  6352 | D:7      | 6352 ||| FLEEEEING.
  6353 | D:7      | 6353 ||| FLEEEEING.
  6354 | D:7      | 6354 ||| FLEEEEING.
  6355 | D:7      | 6355 ||| FLEEEEING.
  6356 | D:7      | 6356 ||| FLEEEEING.
  6360 | D:7      | 6360 ||| FLEEEEING.
  6361 | D:7      | 6361 ||| FLEEEEING.
  6363 | D:7      | 6363 ||| FLEEEEING.
  6370 | D:7      | 6370 ||| FLEEEEING.
  6371 | D:7      | 6371 ||| STAIRDANCE
  6460 | D:6      | 6460 ||| DRINKING 2 glowing red potions.
  6461 | D:6      | 6461 ||| READING 2 scrolls of identify.
  6461 | D:6      | 6461 ||| IDENTIFYING green potion
  6628 | D:7      | HP: 9/57 [Duvessa/+0 rapier (13)]
  6629 | D:7      | 6629 ||| READING 3 scrolls of teleportation.
  6629 | D:7      | Slain by Duvessa

Levels and vault maps discovered:
D:1:      nagdon_arrival_zigzag_paths, layout_basic, serial_shops,
          nicolae_shop_tiny_waterfront
D:2:      layout_loops_cross, serial_shops, shop, nrook_loot_triangle,
          minmay_heptomino_w4, uniq_crazy_yiuf_cottage
D:3:      minmay_chambers_of_threes, layout_loops_ring,
          ashenzari_conservatory_becter, st_stairs_5, fountainhead
D:4:      layout_rooms, portal_sewer_entry_b, ebering_ghost_sewer_d,
          serial_shops, nicolae_book_shop_shelving, uniq_menkaure,
          uniq_eustachio
D:5:      layout_basic, uniq_sigmund
D:6:      layout_loops_ring
D:7:      layout_loops_cross, minmay_temple_entry_trees, uniq_duvessa
Temple:   compressed_dpeg_triangle_lava_temple

Skill      XL: |  1  2  3  4  5  6  7  8  9 |
---------------+----------------------------+-----
Ranged Weapons | 3 4 5 6 7 9 10 | 10.3
Fighting       | 2 4 6 7 |  7.0
Armour         | 1 2 |  2.4
Dodging        | 2 3 |  3.0
Spellcasting   | |  1.0
Hexes          | |  2.6

Action                     |  1- 3 |  4- 6 |  7- 9 || total
---------------------------+-------+-------+-------++-------
   Fire: Sling             |   148 |   141 |    47 ||   336
         Shortbow          |       |       |   324 ||   324
    Use: Scroll            |     1 |     3 |    14 ||    18
         Potion            |     1 |     3 |     3 ||     7
 Armour: Robe              |    33 |     3 |       ||    36
         Ring mail         |       |    22 |       ||    22
         Leather armour    |       |     4 |    80 ||    84
  Dodge: Dodged            |    66 |    37 |   196 ||   299

Table legend:
 A = Non-vault XP
 B = Vault XP
 C = Vault XP percentage of total XP
 D = Non-vault monster count
 E = Vault monster count
 F = Vault count percentage of total count
                 A         B        C        D         E       F
            +---------+---------+-------+---------+---------+-------
      Total |    2751 |     868 |  24.0 |     135 |      35 |  20.6
            +---------+---------+-------+---------+---------+-------
        D:1 |      37 |       0 |   0.0 |      19 |       0 |   0.0
        D:2 |      45 |      29 |  39.2 |      21 |       9 |  30.0
        D:3 |     227 |      31 |  12.0 |      24 |      15 |  38.5
        D:4 |     179 |     375 |  67.7 |      12 |       4 |  25.0
        D:5 |     493 |     214 |  30.3 |      20 |       1 |   4.8
        D:6 |    1138 |       0 |   0.0 |      23 |       0 |   0.0
        D:7 |     632 |      67 |   9.6 |      16 |       1 |   5.9
      Sewer |       0 |     152 | 100.0 |       0 |       5 | 100.0
            +---------+---------+-------+---------+---------+-------
